General information
			
			
        
        - name: BNet
 
        - type: Ladder 1vs1/FFA
 
        - host: Battle.net
 
        - saver: ODDGaYMAN
 
        
map: GnollWood 
        - players: 2
 
        - length: 61:29
 
        - speed: Fast
 - version: 1.22 W3XP
 - replay type:  Public
 
» download(193 KB)
Players
        team 1 (loser) 
              
              
Disarmonia (
teal | 83 APM | 5092 actions | 61:27)
              
 5 Death Knight 
 3 Death Coil
 2 Unholy Aura
 5 Lich 
 2 Frost Armor
 3 Frost Nova
 5 Pit Lord 
 3 Howl of Terror
 2 Cleaving Attack
 
                » actions 
                
                | Assign group hotkey | 69 |  | 
| Basic commands | 443 |  | 
| Build / train | 102 |  | 
| ESC pressed | 5 |  | 
| Enter build submenu | 13 |  | 
| Enter hero's abilities submenu | 18 |  | 
| Give item / drop item | 6 |  | 
| Right click | 1544 |  | 
| Select / deselect | 973 |  | 
| Select group hotkey | 1656 |  | 
| Use ability | 263 |  | 
                5092 total
 » units 
                
                | Acolyte | 10 |  | 
| Ghoul | 7 |  | 
| Crypt Fiend | 21 |  | 
| Obsidian Statue | 6 |  | 
| Abomination | 3 |  | 
                47 total
 » upgrades
                
                | Burrow | 1 |  | 
| Destroyer Form | 1 |  | 
| Web | 1 |  | 
| Creature Carapace | 1 |  | 
| Creature Attack | 1 |  | 
                5 total
 » buildings
                
                | Graveyard | 1 |  | 
| Crypt | 1 |  | 
| Ziggurat | 5 |  | 
| Altar of Darkness | 1 |  | 
| Tomb of Relics | 2 |  | 
| Halls of the Dead | 1 |  | 
| Black Citadel | 2 |  | 
| Slaughterhouse | 1 |  | 
                14 total
 » build order
                00:06 Graveyard
00:10 Crypt
00:38 Ziggurat
00:55 Altar of Darkness
01:43 Tomb of Relics
02:11 Ziggurat
02:42 Halls of the Dead
04:06 Ziggurat
05:40 Black Citadel
05:41 Black Citadel
06:37 Slaughterhouse
08:06 Ziggurat
12:41 Tomb of Relics
16:53 Ziggurat
» items
                
                | Rod of Necromancy | 4 |  | 
| Boots of Speed | 2 |  | 
| Scroll of Town Portal | 2 |  | 
| Orb of Corruption | 3 |  | 
| Potion of Healing | 7 |  | 
| Potion of Lesser Invulnerability | 3 |  | 
| Scroll of Protection | 1 |  | 
                22 total
  
               team 2 (winner) 
              
              
ODDGaYMAN (
pink | 73 APM | 4473 actions | 61:29)
              
 8 Blademaster 
 3 Wind Walk
 3 Critical Strike
 1 Bladestorm
 1 Mirror Image
 6 Shadow Hunter 
 3 Hex
 3 Healing Wave
 
                » actions 
                
                | Assign group hotkey | 103 |  | 
| Basic commands | 2 |  | 
| Build / train | 101 |  | 
| Enter build submenu | 17 |  | 
| Enter hero's abilities submenu | 15 |  | 
| Give item / drop item | 17 |  | 
| Remove unit from queue | 3 |  | 
| Right click | 2649 |  | 
| Select / deselect | 1158 |  | 
| Select group hotkey | 205 |  | 
| Use ability | 203 |  | 
                4473 total
 » units 
                
                | Peon | 14 |  | 
| Grunt | 6 |  | 
| Raider | 4 |  | 
| Wind Rider | 16 |  | 
| Troll Batrider | 8 |  | 
                48 total
 » upgrades
                
                | Berserker Strength | 1 |  | 
| Ensnare | 1 |  | 
| Pillage | 1 |  | 
| Armor | 2 |  | 
| Envenomed Spears | 1 |  | 
| Reinforced Defenses | 1 |  | 
| Ranged Weapons | 2 |  | 
                9 total
 » buildings
                
                | Altar of Storms | 1 |  | 
| Orc Burrow | 5 |  | 
| Barracks | 1 |  | 
| Stronghold | 3 |  | 
| Beastiary | 2 |  | 
| Voodoo Lounge | 1 |  | 
| War Mill | 1 |  | 
| Great Hall | 3 |  | 
| Fortress | 1 |  | 
                18 total
 » build order
                00:04 Altar of Storms
00:22 Orc Burrow
00:38 Barracks
01:38 Orc Burrow
02:59 Stronghold
02:59 Stronghold
03:00 Stronghold
03:31 Orc Burrow
05:27 Beastiary
06:01 Beastiary
07:17 Orc Burrow
07:47 Voodoo Lounge
09:02 War Mill
14:15 Great Hall
16:32 Orc Burrow
16:54 Fortress
24:25 Great Hall
61:27 Great Hall
» items
                
                | Circlet of Nobility | 1 |  | 
| Boots of Speed | 2 |  | 
| Scroll of Healing | 2 |  | 
| Scroll of Protection | 2 |  | 
| Scroll of Town Portal | 2 |  | 
| Healing Salve | 3 |  | 
| Orb of Lightning | 1 |  | 
| Lesser Clarity Potion | 3 |  | 
                16 total
  
                Chat log
          (00:07 / All) ODDGaYMAN: gl hf
(00:14 / All) Disarmonia: hf
(40:48 / All) Disarmonia: hmm
(40:49 / All) ODDGaYMAN: sooo
(40:59 / All) Disarmonia: Fight?
(41:04 / All) ODDGaYMAN: no thank you
(42:44 / All) Disarmonia: Sigh...
(42:50 / All) ODDGaYMAN: thats life m8
(43:24 / All) ODDGaYMAN: fuck man
(44:27 / All) ODDGaYMAN: 1v1 hero fight
(44:34 / All) ODDGaYMAN: bm vs dk
(44:42 / All) Disarmonia: Bm wins
(44:48 / All) ODDGaYMAN: mayb mayb not
(44:53 / All) Disarmonia: he does...
(47:53 / All) ODDGaYMAN: smell you later m8
(48:39 / All) Disarmonia: Lame matchup :\
(48:42 / All) ODDGaYMAN: w/e
(48:50 / All) ODDGaYMAN: it was a fun game
(50:18 / All) Disarmonia: Most retarded thing ever...
(50:21 / All) ODDGaYMAN: ok
(50:22 / All) ODDGaYMAN: lol
(50:37 / All) Disarmonia: Im not saying you suck
(50:43 / All) Disarmonia: But this is ridiculous.
(50:52 / All) ODDGaYMAN: why
(50:58 / All) Disarmonia: Killed 2 expos.
(51:03 / All) ODDGaYMAN: shit like this happens all the time in sc
(51:13 / All) Disarmonia: But Sc is balance.
(51:21 / All) ODDGaYMAN: so is this m8
(51:24 / All) ODDGaYMAN: not that off
(51:28 / All) Disarmonia: Not really...
(51:35 / All) Disarmonia: That BM wtfowns
(51:36 / All) ODDGaYMAN: yea really its not that bad
(51:59 / All) ODDGaYMAN: coil nova wtfowns
(53:03 / All) ODDGaYMAN: dance dance dance
(53:35 / All) Disarmonia: I've been playing catch up whole game
(53:42 / All) Disarmonia: even after I had some success in battles.
(53:46 / All) ODDGaYMAN: is this the first time this has happened 2 you
(53:56 / All) Disarmonia: No thats the worst part.
(54:05 / All) ODDGaYMAN: yea it happens all the time
(55:20 / All) Disarmonia: Stuff like this makes me wanna quit again :\
(55:44 / All) Disarmonia: Just finish it...
(55:48 / All) ODDGaYMAN: I should have made kodos
(55:49 / All) ODDGaYMAN: I think
(55:54 / All) Disarmonia: No
(56:01 / All) ODDGaYMAN: Yea
(56:08 / All) Disarmonia: Kodo's easy to kill
(56:13 / All) ODDGaYMAN: eat all your units
(56:17 / All) ODDGaYMAN: speed away
(56:39 / All) ODDGaYMAN: showing off my bms imbaness
(57:15 / All) Disarmonia: Depressing really :\
(57:26 / All) ODDGaYMAN: just a game m8
(57:33 / All) Disarmonia: A hobby.
(57:35 / All) Disarmonia: Not a game.
(57:39 / All) ODDGaYMAN: bat KO
(58:09 / All) Disarmonia: That fiend strat usually work though?
(58:13 / All) Disarmonia: On this map its hard...but w/e
(58:17 / All) ODDGaYMAN: pit lord is gay
(58:31 / All) Disarmonia: yeah
(58:34 / All) Disarmonia: so is bm
(58:36 / All) Disarmonia: Lol
(58:57 / All) ODDGaYMAN: ok I need some wood then Im gonna end this
(59:02 / All) Disarmonia: Hex/orb = wtf?
(59:11 / All) ODDGaYMAN: it stops the hex lol
(59:20 / All) Disarmonia: It stops the hero :\
(59:38 / All) ODDGaYMAN: not as good as the ud orb tho
(59:55 / All) Disarmonia: ...?
(60:03 / All) ODDGaYMAN: the ud orb is the best in the game
(60:11 / All) Disarmonia: no orc is...
(60:21 / All) Disarmonia: orc is best melee orb
(60:45 / All) ODDGaYMAN: that orb makes your army so much better man
(60:55 / All) Disarmonia: Uh
(61:01 / All) Disarmonia: are you attacking my zig?
(61:05 / All) ODDGaYMAN: yes
(61:09 / All) Disarmonia: k
(61:10 / All) ODDGaYMAN: Lol
(61:13 / All) Disarmonia: Right illusion
(61:14 / All) Disarmonia: >.<